AoeStats
← Champ

Black Forest

509467063Analyzed
4v4 RM · 7d ago on Sep 26, 2026· 68m 49s· 8 players
Game mode
Random Map
Map size
Large (8 player)
Population
200
Speed
Normal
Resources
Standard
Victory
Conquest
Starting age
Dark Age
Ending age
Imperial Age
RankedLock teamsTeams togetherTeam positionsShared explorationLock speedFull tech treeHidden civsTurbo modeCheats
Victory
Defeat
🇧🇷 Celts · Brazil
1097
+16
🇲🇽 Bengalis · Mexico
1081
+16
🇦🇷 Chinese · Argentina
1079
+16
🇬🇧 Ethiopians · United Kingdom
1079
+16
🇩🇪 Persians · Germany
1125
-17
1109
-17
🇪🇸 Bohemians · Spain
1059
-15
🇩🇪 Goths · Germany
1050
-15
R4W
4:02 Loom
9:49 Feudal Age
14:01 Loom
16:36 Castle Age
16:15 Double-Bit Axe
16:58 Fletching
17:57 Bodkin Arrow
19:22 Crossbowman
20:04 Padded Archer Armor
29:47 Thumb Ring
32:13 Leather Archer Armor
32:41 Ballistics
36:31 Forging
36:21 Scale Mail Armor
44:43 Imperial Age
42:01 Town Watch
43:11 Elite Skirmisher
44:57 Arbalester
46:28 Bracer
56:11 Chain Mail Armor
56:31 Iron Casting
62:10 Ring Archer Armor
69:04 Conscription
Stephen Ocka
0:47 Loom
12:10 Feudal Age
12:43 Double-Bit Axe
12:40 Horse Collar
19:43 Castle Age
21:51 Fletching
29:40 Bodkin Arrow
31:46 Wheelbarrow
35:15 Imperial Age
35:54 Padded Archer Armor
36:19 Bracer
37:40 Conscription
39:10 Hand Cart
38:41 Town Watch
40:07 Guilds
39:58 Caravan
40:24 Town Patrol
40:33 Scale Barding Armor
42:42 Ballistics
42:37 Masonry
42:52 Bloodlines
42:56 Paiks
43:09 Husbandry
44:01 Forging
45:51 Chain Barding Armor
46:35 Bow Saw
46:24 Gold Mining
48:31 Iron Casting
48:50 Plate Barding Armor
48:01 Pikeman
50:23 Blast Furnace
52:37 Two-Man Saw
51:39 Heavy Plow
52:28 Leather Archer Armor
53:18 Crop Rotation
53:07 Fortified Wall
53:28 Architecture
53:59 Chemistry
53:48 Gold Shaft Mining
53:05 Stone Mining
52:57 Elite Battle Elephant
53:39 Elite Skirmisher
54:33 Squires
54:20 Arson
55:48 Ring Archer Armor
55:28 Light Cavalry
61:46 Scale Mail Armor
S.O.A.D_BR
5:23 Loom
12:53 Feudal Age
14:17 Double-Bit Axe
14:31 Horse Collar
17:23 Castle Age
20:27 Bow Saw
24:20 Gold Mining
25:54 Gold Shaft Mining
27:27 Stone Mining
28:03 Heavy Plow
31:51 Imperial Age
29:51 Ballistics
30:22 Caravan
30:36 Masonry
31:40 Coinage
32:50 Siege Engineers
33:46 Chemistry
32:09 Heavy Scorpion
33:41 Furor Celtica
33:57 Conscription
33:20 Capped Ram
34:39 Siege Ram
38:33 Town Watch
39:24 Wheelbarrow
39:19 Onager
40:45 Siege Onager
52:59 Banking
58:11 Town Patrol
59:57 Hand Cart
guilleaacevedo
0:35 Loom
15:06 Feudal Age
16:29 Wheelbarrow
15:35 Horse Collar
15:44 Double-Bit Axe
22:15 Castle Age
24:05 Hand Cart
24:05 Town Watch
34:42 Caravan
38:40 Imperial Age
36:26 Heated Shot
36:57 Ballistics
38:09 Bow Saw
38:00 Fletching
38:10 Padded Archer Armor
39:33 Bodkin Arrow
39:54 Leather Archer Armor
39:03 Heavy Rocket Cart
41:09 Bracer
41:39 Ring Archer Armor
41:21 Forging
41:11 Scale Mail Armor
41:16 Scale Barding Armor
42:37 Elite Chu Ko Nu
44:35 Iron Casting
44:15 Chain Mail Armor
44:20 Chain Barding Armor
43:58 Pikeman
44:39 Squires
46:39 Chemistry
45:35 Murder Holes
45:50 Masonry
48:55 Bombard Tower
53:46 Husbandry
53:08 Cavalier
53:33 Halberdier
The Viper (Minus quick walls)
9:17 Loom
11:03 Feudal Age
12:24 Feudal Age
17:11 Castle Age
15:34 Horse Collar
15:43 Double-Bit Axe
16:25 Gold Mining
18:51 Bow Saw
20:12 Heavy Plow
21:51 Wheelbarrow
21:32 Scale Barding Armor
21:46 Stone Mining
23:40 Bloodlines
23:51 Chain Barding Armor
25:16 Forging
26:42 Hand Cart
33:04 Imperial Age
36:26 Fletching
36:38 Padded Archer Armor
37:32 Conscription
38:00 Bodkin Arrow
38:24 Elite Mangudai
40:36 Bracer
40:46 Husbandry
46:04 Caravan
46:38 Leather Archer Armor
46:48 Ballistics
47:35 Chemistry
46:42 Onager
49:11 Drill
Excile
11:17 Feudal Age
14:58 Castle Age
14:09 Double-Bit Axe
14:06 Horse Collar
16:36 Wheelbarrow
16:25 Heavy Plow
21:03 Loom
21:32 Bow Saw
22:58 Hand Cart
24:48 Gold Mining
29:44 Imperial Age
27:42 Scale Barding Armor
29:13 Gold Shaft Mining
29:17 Chain Barding Armor
29:09 Forging
31:03 Plate Barding Armor
30:52 Conscription
31:41 Iron Casting
32:44 Hoardings
32:07 Fletching
33:19 Ballistics
34:18 Blast Furnace
33:12 Fletching
39:06 Crop Rotation
41:51 Two-Man Saw
40:50 Bodkin Arrow
46:43 Chemistry
46:16 Citadels
48:06 Onager
Champ
12:29 Feudal Age
16:36 Castle Age
16:10 Double-Bit Axe
19:02 Wheelbarrow
23:01 Hand Cart
24:21 Horse Collar
27:45 Anarchy
27:47 Gold Mining
31:05 Imperial Age
28:57 Loom
29:52 Scale Mail Armor
30:03 Forging
30:07 Bow Saw
31:08 Chain Mail Armor
32:23 Iron Casting
32:13 Heavy Plow
33:19 Two-Man Saw
32:53 Conscription
32:01 Elite Huskarl
33:03 Stone Mining
35:12 Blast Furnace
34:25 Perfusion
35:59 Stone Shaft Mining
37:49 Crop Rotation
37:26 Caravan
37:56 Coinage
37:37 Guilds
46:01 Squires
48:34 Banking
48:53 Scale Barding Armor
54:37 Sanctity
AquarianAge
11:24 Loom
14:04 Feudal Age
18:37 Castle Age
17:25 Horse Collar
17:34 Double-Bit Axe
20:06 Heavy Plow
44:09 Imperial Age
42:45 Bow Saw
45:52 Chemistry
45:03 Masonry
45:19 Conscription
52:00 Pikeman
52:40 Squires
56:24 Wheelbarrow
55:36 Town Watch
61:07 Hand Cart
61:40 Hussite Reforms
65:37 Halberdier
Connection lost

Rejoining the realm…

Still unreachable

The connection could not be restored.

Session expired

The server has moved on; the page needs a fresh start.